 Dungeon Crawl Stone Soup version 0.31-a0-1576-ga3383bade6 (webtiles) character file.

Game seed: 427180686630360085

458 dialectric the Covered (level 6, -11/84 HPs)
             Began as a Minotaur Fighter on Jan 4, 2024.
             Mangled by an orc
             ... wielding a +1 whip of electrocution
              (16 damage)
             ... on level 4 of the Dungeon.
             The game lasted 00:03:35 (2908 turns).

dialectric the Covered (Minotaur Fighter)           Turns: 2908, Time: 00:03:36

Health: -11/84     AC: 23    Str: 21    XL:     6   Next: 77%
Magic:  5/5        EV:  2    Int:  5    God:
Gold:   113        SH:  0    Dex: 11    Spells: 5/5 levels left

rFire   . . .        v - +4 whip
rCold   . . .        (no shield)
rNeg    . . .        j - melded +0 chain mail
rPois   +            (helmet currently unavailable)
rElec   .            (cloak currently unavailable)
rCorr   .            o - melded +2 pair of gloves
SInv    +            (boots currently unavailable)
Will    .....        (no amulet)
Stlth   +            h - ring of see invisible
HPRegen 0.34/turn    (no ring)
MPRegen 0.09/turn

%: no passive effects
@: tree-form
A: stationary, stasis, torment immunity, boosted hp, (horns 2), (retaliatory
headbutt)
a: no special abilities


You were on level 4 of the Dungeon.
You were a tree.
You visited 1 branch of the dungeon, and saw 4 of its levels.
You also visited: Sewer.

You collected 113 gold pieces.

Inventory:

Hand Weapons
 a - a +0 flail
 v - a +4 whip (weapon)
Armour
 c - a +0 buckler
 j - a +0 chain mail (melded)
 o - a +2 pair of gloves (melded)
Jewellery
 h - a ring of see invisible (left branch)
Wands
 k - a wand of flame (11)
Scrolls
 e - a scroll of fear
 f - a scroll of identify {unknown}
 l - a scroll of vulnerability {unknown}
 m - 2 scrolls of enchant armour {unknown}
 n - 3 scrolls of teleportation {unknown}
 p - a scroll of fog {unknown}
 q - a scroll of summoning {unknown}
 r - a scroll of acquirement {unknown}
 s - a scroll of revelation {unknown}
 t - a scroll of amnesia {unknown}
Potions
 b - 2 potions of curing {unknown}
 d - 2 potions of might
 g - a potion of lignification
 i - a potion of degeneration {unknown}
 u - 2 potions of haste {unknown}


   Skills:
 - Level 5.2 Fighting
 + Level 5.2 Maces & Flails
 + Level 5.8 Armour
 - Level 3.1 Dodging
 - Level 3.7 Shields


You had 5 spell levels left.
You didn't know any spells.
Your spell library contained the following spells:

 Spells                   Type           Power      Damage    Failure   Level
 Stone Arrow              Conj/Erth      0%         3d7       85%         3
 Animate Armour           Summ/Erth      0%         N/A       99%         4
 Lehudib's Crystal Spear  Conj/Erth      0%         10d2      100%        8


Dungeon Overview and Level Annotations

Branches:
Dungeon (4/15)              Sewer (visited)
 Temple: D:4-7

Altars:
Trog


Innate Abilities, Weirdness & Mutations

You are a tree.
Your roots penetrate the ground, keeping you stationary.
You cannot be teleported.
You are immune to unholy pain and torment.
Your maximum health is greatly increased.
Your equipment is partially melded.
((You have a pair of horns on your head.))
((You reflexively headbutt those who attack you in melee.))


Message History

The bullfrog hits you but does no damage.
You hit the bullfrog.
The bullfrog is lightly wounded.
The bullfrog hits you but does no damage.
The orc hits you but does no damage. The bullfrog hits you.
You hit the bullfrog.
The bullfrog is moderately wounded.
The orc hits you with a +1 whip of electrocution.
The bullfrog hits you but does no damage.
You barely miss the bullfrog. You headbutt the bullfrog!
The bullfrog is severely wounded.
The bullfrog barely misses you. You furiously retaliate!
You headbutt the bullfrog. The orc hits you but does no damage.
You whack the bullfrog!
You kill the bullfrog!
The orc hits you with a +1 whip of electrocution.
Your Maces & Flails skill increases to level 5!
You see here a bullfrog corpse.
The orc attacks as it pursues you! The orc hits you but does no damage.
You are electrocuted!
* * * LOW HITPOINT WARNING * * *
You hit the orc but do no damage. Your headbutt misses the orc.
The orc barely misses you.
You closely miss the orc. You closely miss the orc.
You headbutt the orc, but do no damage. You punch the orc, but do no damage.
The orc completely misses you.
Unknown command.
Okay, then.
You hit the orc but do no damage. The orc closely misses you.
You barely miss the orc. You headbutt the orc, but do no damage.
The orc barely misses you.
You turn into a tree.
Your +2 pair of gloves melds into your body.
Your +0 chain mail melds into your body.
Your roots penetrate the ground.
The orc hits you but does no damage.
You barely miss the orc. The orc hits you but does no damage.
You hit the orc.
The orc is moderately wounded.
The orc hits you but does no damage.
You are electrocuted!
You die...

..........#
........#.##
......###..##
.....## #...##
..... #....#
.###. ###....###
#........#
#........####
....##.....♣.#
#...###..#.o..##
.....#.....#...#
..........#†...#
.......##...#
..##..###...#
..#..)......#
........)....#
.........#....#


You could see an orc.

Vanquished Creatures
  2 kobold brigands (Sewer)
  A bullfrog (D:4)
  A scorpion (D:4)
  A bombardier beetle (D:3)
  5 adders
  3 dart slugs
  2 ribbon worms
  7 orcs
  7 endoplasms
  4 giant cockroaches
  7 goblins
  9 hobgoblins
  8 jackals
  6 quokkas
  10 ball pythons
  4 bats
  2 frilled lizards (D:1)
  8 kobolds
  12 rats
99 creatures vanquished.

Notes
Turn   | Place    | Note
-------+----------+-------------------------------------------
     0 | D:1      | dialectric the Minotaur Fighter began the quest for the
                  | Orb.
     0 | D:1      | Reached XP level 1. HP: 19/19 MP: 0/0
    77 | D:1      | Reached XP level 2. HP: 27/27 MP: 1/1
   463 | D:1      | Reached skill level 1 in Dodging
   597 | D:1      | Reached XP level 3. HP: 33/33 MP: 2/2
  1571 | D:3      | Reached XP level 4. HP: 40/40 MP: 3/3
  1894 | D:3      | Found a glowing drain.
  1964 | Sewer    | Entered a sewer
  1972 | Sewer    | Reached XP level 5. HP: 47/47 MP: 4/4
  2095 | Sewer    | HP: 3/70 [kobold brigand/+0 whip (6)]
  2102 | Sewer    | Reached skill level 5 in Fighting
  2312 | Sewer    | Reached skill level 5 in Armour
  2470 | Sewer    | Reached XP level 6. HP: 43/56 MP: 5/5
  2814 | D:4      | Found a bloodstained altar of Trog.
  2899 | D:4      | Reached skill level 5 in Maces & Flails
  2900 | D:4      | HP: 2/56 [orc/+1 whip of electrocution (17)]
  2908 | D:4      | Mangled by an orc

Illustrated notes

Levels and vault maps discovered:
D:1:      dpeg_arrival_morbid_curiosity, layout_basic, minivault_5,
          minmay_door_square, kennysheep_crisscross,
          nicolae_figureground_sparkle
D:2:      layout_basic, serial_forest, infiniplex_forest_lined_2,
          infiniplex_forest_lined_room_, infiniplex_forest_clump_tiny,
          infiniplex_forest_straight_4, infiniplex_forest_clump_medium,
          infiniplex_forest_3_way, infiniplex_forest_join
D:3:      layout_basic, portal_sewer_entry_f, nicolae_underground_beach
D:4:      layout_cave_pools, grunt_temple_overflow_open,
          minmay_temple_entry_gardened_gates, uniq_blork_the_orc, uniq_natasha

Skill      XL: |  1  2  3  4  5  6 |
---------------+-------------------+-----
Fighting       | 4 5 |  5.2
Armour         | 4 5 |  5.8
Dodging        | 1 2 3 |  3.1
Maces & Flails | 3 4 5 |  5.2
Shields        | |  3.7

Action                     |  1- 3 |  4- 6 || total
---------------------------+-------+-------++-------
  Melee: Flail             |   101 |   111 ||   212
         Headbutt          |    13 |    20 ||    33
         Whip              |       |    27 ||    27
         Punch             |       |     1 ||     1
    Use: Potion            |       |     4 ||     4
         Scroll            |       |     1 ||     1
 Armour: Scale mail        |    60 |       ||    60
         Chain mail        |    39 |   137 ||   176
         Skin              |       |    29 ||    29
  Dodge: Dodged            |    52 |    98 ||   150
  Block: Buckler           |     2 |       ||     2

Table legend: (Time is in decaauts)
 A = Elapsed time spent in this place.
 B = Non-inter-level travel time spent in this place.
 C = Inter-level travel time spent in this place.
 D = Time resting spent in this place.
 E = Time spent auto-exploring this place.
 F = Levels seen in this place.
 G = Mean time per level.
                   A        B        C        D        E       F      G
               +--------+--------+--------+--------+--------+-----+--------+
         Total |   3052 |   2878 |    174 |    157 |   1947 |   5 |  610.4 |
       Dungeon |   2368 |   2194 |    174 |      0 |   1631 |   4 |  592.0 |
         Sewer |    684 |    684 |      0 |    157 |    316 |   1 |  684.0 |
               +--------+--------+--------+--------+--------+-----+--------+

Top non-repeatable levels by time:
     D:1: 854 daAuts
     D:2: 723 daAuts
     D:3: 700 daAuts
   Sewer: 684 daAuts
     D:4: 90 daAuts
